 Dungeon Crawl Stone Soup version 0.27.1-34-g3ba077fa99 (webtiles) character file.

Game seed: 14295414893426528322

126 Delamore the Sneak (level 5, -3/34 HPs)
             Began as an Octopode Brigand on Feb 11, 2022.
             Splashed by a jelly's acid (4 damage)
             ... on level 4 of the Dungeon.
             The game lasted 00:02:42 (4109 turns).

Delamore the Sneak (Octopode Brigand)               Turns: 4109, Time: 00:02:42

Health: -3/34      AC:  1    Str: 10    XL:     5   Next: 9%
Magic:  5/5        EV: 12    Int: 13    God:
Gold:   130        SH:  0    Dex: 15    Spells: 4/4 levels left

rFire    . . .     SeeInvis .   a - +2 dagger
rCold    . . .     Faith    .   (no shield)
rNeg     . . .     Spirit   .   (helmet restricted)
rPois    .         Reflect  .   (no amulet)
rElec    .         Harm     .   (no ring)
rCorr    .         Rampage  .   (no ring)
Will     .....                  (no ring)
Stlth    +++++.....             (no ring)
HPRegen  0.11/turn              (no ring)
MPRegen  0.09/turn              (no ring)
                                (no ring)
                                (no ring)

@: no status effects
A: almost no armour, amphibious, 8 rings, camouflage 1, gelatinous body 1,
(nimble swimmer 1), tentacles
a: no special abilities


You were on level 4 of the Dungeon.
You visited 2 branches of the dungeon, and saw 5 of its levels.

You collected 130 gold pieces.

Inventory:

Hand Weapons
 a - a +2 dagger (weapon)
Missiles
 b - 25 poisoned darts (quivered)
 c - 2 curare-tipped darts
Jewellery
 i - a ring of fire
Scrolls
 d - a scroll of fear
 e - a scroll of teleportation {unknown}
 j - a scroll of immolation {unknown}
 k - a scroll of brand weapon {unknown}
Potions
 f - a potion of curing {unknown}
 g - 2 potions of might {unknown}
 h - 2 potions of attraction {unknown}


   Skills:
 - Level 2.0 Fighting
 + Level 3.2 Short Blades
 - Level 2.0 Throwing
 - Level 1.0 Dodging
 * Level 7.8 Stealth


You had 4 spell levels left.
You didn't know any spells.
Your spell library contained the following spells:

 Spells                   Type           Power      Damage    Failure   Level
 Gell's Gravitas          Tloc           0%         N/A       67%         3
 Teleport Other           Tloc           0%         N/A       67%         3
 Iskenderun's Battlesphe  Conj           0%         2d6       100%        5
 Dispersal                Tloc           0%         N/A       100%        6
 Iron Shot                Conj/Erth      0%         9d1       100%        6
 Spellforged Servitor     Conj/Summ      0%         N/A       100%        7


Dungeon Overview and Level Annotations

Branches:
Dungeon (4/15)             Temple (1/1) D:4

Altars:
Ashenzari
Elyvilon
Hepliaklqana
Nemelex Xobeh
Okawaru
Qazlal
Ru
Vehumet
Zin
The Shining One


Innate Abilities, Weirdness & Mutations

You cannot wear most types of armour.
You are amphibious.
You can wear up to eight rings at the same time.
Your skin changes colour to match your surroundings (Stealth+).
Your rubbery body absorbs attacks. (AC +1, EV +1)
((You are camouflaged near water. (Stealth+)))
You have tentacles for arms and can constrict up to eight enemies at once.


Message History

No target in view!
A goblin comes into view. It is wielding a +0 club.
A goblin is nearby!
A goblin is nearby!
The goblin shouts!
You hit the goblin.
You kill the goblin!
No target in view!
No target in view!
No target in view!
No target in view!
You now have 130 gold pieces (gained 12).
Found a chain mail.
A hound comes into view.
You see here a lumpy brown potion.
A hound is nearby!
A hound is nearby!
A jelly comes into view.
The jelly quivers.
The jelly closely misses you.
You completely miss the jelly. The jelly barely misses you.
You hit the jelly.
Your tentacles burn!
The jelly is lightly wounded.
You hit the jelly.
Your tentacles burn!
The jelly is lightly wounded.
The jelly hits you.
You are splashed with acid.
You hit the jelly.
Your tentacles burn!
The jelly is lightly wounded.
The jelly hits you.
You are splashed with acid!
* * * LOW HITPOINT WARNING * * *
You are too injured to fight recklessly!
You are too injured to fight recklessly!
There are monsters nearby!
You hit the jelly.
Your tentacles burn!
* * * LOW HITPOINT WARNING * * *
The jelly is heavily wounded.
The jelly hits you.
* * * LOW HITPOINT WARNING * * *
You are splashed with acid.
You die...

#........... #....).>....
+........... #...........
+####+#######...........
...................#####
...................#....
.....h......!......#†...
.......@......?....#....
......J[................
...................##...
##+##########################
#.............. ............
#.....<........ $............
.. #..............
............. ...
#.##.##...##### ##...........
..###.##.###### ...#.#.#.#.#.


You could see a hound (asleep) and a jelly.

Vanquished Creatures
  3 adders
  2 worms
  4 dart slugs
  2 orcs
  13 endoplasms
  3 giant cockroaches
  13 goblins
  8 hobgoblins
  2 jackals (D:2)
  8 kobolds
  2 quokkas
  3 ball pythons
  3 bats
  5 frilled lizards
  3 rats
74 creatures vanquished.

Vanquished Creatures (others)
  An adder skeleton (D:4)
  A plant (D:2)
2 creatures vanquished.

Grand Total: 76 creatures vanquished

Notes
Turn   | Place    | Note
-------+----------+-------------------------------------------
     0 | D:1      | Delamore the Octopode Brigand began the quest for the Orb.
     0 | D:1      | Reached XP level 1. HP: 14/14 MP: 1/1
   212 | D:1      | Reached XP level 2. HP: 11/19 MP: 2/2
   462 | D:1      | Reached skill level 6 in Stealth
   896 | D:1      | Reached XP level 3. HP: 15/24 MP: 3/3
  1956 | D:2      | Reached skill level 7 in Stealth
  1956 | D:2      | Reached XP level 4. HP: 17/29 MP: 4/4
  3275 | D:3      | Found a hazy altar of Hepliaklqana.
  3486 | D:3      | Found a faded altar of an unknown god.
  3605 | D:3      | Noticed a necrophage
  3606 | D:3      | Noticed a black bear
  3708 | D:4      | Reached XP level 5. HP: 26/34 MP: 5/5
  3829 | D:4      | Found a staircase to the Ecumenical Temple.
  3846 | Temple   | Entered the Ecumenical Temple
  4109 | D:4      | HP: 1/34 [jelly (2)]
  4109 | D:4      | Splashed by a jelly's acid

Illustrated notes

Levels and vault maps discovered:
D:1:      scummos_arrival_simple_crosswalls, layout_basic
D:2:      wad_crossroads, layout_basic, serial_bayou_pond_c
D:3:      layout_rooms, general_overflow_altar,
          shapermc_ecumenical_altar_notcrosses
D:4:      layout_gridville, slow_altar_2,
          nicolae_dithmenos_through_a_glass_darkly, minmay_temple_entry_glass,
          lemuel_flame_loot_1
Temple:   compressed_dpeg_triangle_lava_temple

Skill      XL: |  1  2  3  4 |
---------------+-------------+-----
Stealth        | 6 7 |  7.8
Short Blades   | 3 |  3.2
Fighting       | |  2.0
Throwing       | |  2.0
Dodging        | |  1.0

Action                   |  1- 3 |  4- 6 || total
-------------------------+-------+-------++-------
Melee: Dagger            |    75 |    66 ||   141
       Constrict         |    10 |    11 ||    21
       Tentacles         |     6 |    11 ||    17
Throw: Dart              |       |     2 ||     2
  Use: Potion            |     2 |       ||     2
       Scroll            |     1 |     1 ||     2
 Stab: Sleeping          |    19 |    12 ||    31
Armor: Skin              |     6 |     1 ||     7
Dodge: Dodged            |    32 |    27 ||    59
